 Dungeon Sprint DCSS version 0.22-a0-396-g3f858e3 (webtiles) character file.

890 emperorscorpion the Thrower (level 7, 0/59 HPs)
             Began as a Demonspawn Hunter on May 3, 2018.
             Was a Priest of Trog.
             Slain by a troll (4 damage)
             ... in the Dungeon (Sprint IX: "|||||||||||||||||||||||||||||").
             The game lasted 00:02:29 (635 turns).

emperorscorpion the Thrower (Demonspawn Hunter)      Turns: 635, Time: 00:02:30

Health: 0/59       AC: 13    Str: 13    XL:     7   Next: 77%
Magic:  7/7        EV:  8    Int: 15    God:    Trog [***...]
Gold:   0          SH:  0    Dex: 18    Spells: 6/6 levels left

rFire    + . .     SeeInvis .   a - +2 scimitar (flame)
rCold    . . .     Gourm    .   (no shield)
rNeg     . . .     Faith    .   s - +1 chain mail
rPois    .         Spirit   .   q - +0 helmet
rElec    .         Reflect  .   (no cloak)
rCorr    .         Harm     .   r - +0 pair of gloves
MR       .....     NoTele   +   (no boots)
Stlth    ..........             (no amulet)
HPRegen  0.19/turn              t - +3 ring of dexterity
MPRegen  0.10/turn              u - +3 ring of intelligence

@: berserk cooldown, slowed, very slow
A: claws 2, fire resistance 1, nightstalker 1
a: Berserk, Trog's Hand, Renounce Religion


You were in the Dungeon.
You worshipped Trog.
Trog was most pleased with you.
You were not hungry.

You visited 1 branch

Inventory:

Hand Weapons
 a - a +2 scimitar of flaming (weapon)
 p - a +0 short sword
Missiles
 c - 6 javelins (quivered)
 d - 2 throwing nets
Armour
 b - a +0 leather armour
 q - a +0 helmet (worn)
 r - a +0 pair of gloves (worn)
 s - a +1 chain mail (worn)
Magical Staves
 o - an uncursed staff of energy
Jewellery
 t - a +3 ring of dexterity (left hand)
 u - a +3 ring of intelligence (right hand)
Wands
 n - a wand of acid (8)
Scrolls
 k - 2 scrolls of blinking
 m - 3 scrolls of remove curse
Potions
 e - 4 potions of curing
 h - a potion of haste
 i - 4 potions of magic
 j - a potion of invisibility
Comestibles
 f - a ration


   Skills:
 + Level 6.5 Fighting
 - Level 3.4(5.4) Short Blades
 + Level 6.4(6.9) Long Blades
 + Level 11.1 Throwing
 + Level 5.1 Armour
 + Level 4.3 Dodging
 + Level 1.3 Stealth


You had 6 spell levels left.
You didn't know any spells.

Dungeon Overview and Level Annotations

Branches:
Dungeon (1/1)

Altars:
Cheibriados
Dithmenos
Elyvilon
Fedhas
Gozag
Hepliaklqana
Kikubaaqudgha
Makhleb
Nemelex Xobeh
Okawaru
Qazlal
Ru
Sif Muna
Trog
Uskayaw
Vehumet
Wu Jian
Xom
Yredelemnul
Zin
The Shining One
Beogh
Jiyva
Lugonu


Innate Abilities, Weirdness & Mutations

You have very sharp fingernails.
Your flesh is heat resistant. (rF+)
You are slightly more attuned to the shadows.


Message History

Aim: a troll (moderately wounded)
The bolt of acid hits the troll.
The troll is splashed with acid.
The acid corrodes the troll!
The troll is heavily wounded.
The troll bites you but does no damage. The troll barely misses you.
The troll claws you but does no damage.
Evoke which item? (* to show all) (? for menu, Esc to quit)
Aiming: Corrosive Bolt
Press: ? - help, Shift-Dir - straight line, f/p - troll
Aim: a troll (moderately wounded, covered in acid)
The bolt of acid misses the troll.
The troll bites you.
* * * LOW HITPOINT WARNING * * *
The troll claws you but does no damage. x2
The troll bites you but does no damage. The troll claws you.
* * * LOW HITPOINT WARNING * * *
The troll barely misses you.
You feel better. The troll bites you!
* * * LOW HITPOINT WARNING * * *
The troll claws you.
You die... ▓▓▓▓▓▓▓▓▓▓▓▓▓▓▓▓▓▓▓▓▓▓ .).....'.)...())@T...+ ▓▓▓▓▓▓▓▓▓▓▓▓▓▓▓▓▓▓▓▓▓▓

You could see a troll.

Vanquished Creatures
  A hippogriff (D)
  A shadow (D)
  An orc warrior (D)
  An ogre (D)
  A centaur (D)
  A big kobold (D)
  2 scorpions (D)
  A crimson imp (D)
  A jelly (D)
  An orc wizard (D)
  A gnoll shaman (D)
  A worker ant (D)
  A bat zombie (D)
  A giant cockroach (D)
  A goblin (D)
  3 hobgoblins (D)
  A ball python skeleton (D)
  A frilled lizard (D)
21 creatures vanquished.

Notes
Turn   | Place    | Note
-------+----------+-------------------------------------------
     0 | D        | emperorscorpion the Demonspawn Hunter began the quest for the Orb.
     0 | D        | Reached XP level 1. HP: 16/16 MP: 1/1
    15 | D        | Reached skill level 4 in Throwing
    32 | D        | Reached skill level 5 in Throwing
   147 | D        | Noticed an ogre
   147 | D        | Noticed a scorpion
   147 | D        | Noticed a scorpion
   147 | D        | Noticed an orc wizard
   151 | D        | Killed an ogre
   151 | D        | Reached skill level 1 in Short Blades
   151 | D        | Reached skill level 7 in Throwing
   151 | D        | Reached skill level 1 in Armour
   151 | D        | Gained mutation: You are slightly more attuned to the shadows. [demonic ancestry]
   151 | D        | Reached XP level 2. HP: 22/24 MP: 2/2
   151 | D        | Gained mutation: Your flesh is heat resistant. (rF+) [demonic ancestry]
   151 | D        | Reached XP level 3. HP: 26/29 MP: 3/3
   151 | D        | Reached XP level 4. HP: 31/35 MP: 4/4
   155 | D        | Reached skill level 8 in Throwing
   160 | D        | Reached skill level 9 in Throwing
   160 | D        | Reached skill level 1 in Stealth
   160 | D        | Gained mutation: You have sharp fingernails. [demonic ancestry]
   160 | D        | Reached XP level 5. HP: 26/41 MP: 5/5
   171 | D        | Found a roughly hewn altar of Beogh.
   171 | D        | Found a snail-covered altar of Cheibriados.
   171 | D        | Found a shadowy altar of Dithmenos.
   171 | D        | Found a white marble altar of Elyvilon.
   171 | D        | Found a blossoming altar of Fedhas.
   172 | D        | Found an opulent altar of Gozag.
   173 | D        | Found a hazy altar of Hepliaklqana.
   174 | D        | Found a viscous altar of Jiyva.
   175 | D        | Found an ancient bone altar of Kikubaaqudgha.
   176 | D        | Found a corrupted altar of Lugonu.
   177 | D        | Found a burning altar of Makhleb.
   178 | D        | Found a sparkling altar of Nemelex Xobeh.
   179 | D        | Found an iron altar of Okawaru.
   180 | D        | Found a stormy altar of Qazlal.
   181 | D        | Found a sacrificial altar of Ru.
   182 | D        | Found a deep blue altar of Sif Muna.
   183 | D        | Found a bloodstained altar of Trog.
   184 | D        | Found a hide-covered altar of Uskayaw.
   185 | D        | Found a radiant altar of Vehumet.
   186 | D        | Found an ornate altar of the Wu Jian Council.
   187 | D        | Found a shimmering altar of Xom.
   188 | D        | Found a basalt altar of Yredelemnul.
   189 | D        | Found a glowing silver altar of Zin.
   190 | D        | Became a worshipper of Trog the Wrathful
   191 | D        | Found a glowing golden altar of the Shining One.
   345 | D        | Noticed a hippogriff
   347 | D        | Reached skill level 10 in Throwing
   347 | D        | Gained mutation: You have very sharp fingernails. [demonic ancestry]
   347 | D        | Reached XP level 6. HP: 48/48 MP: 6/6
   347 | D        | Reached * piety under Trog
   370 | D        | Reached skill level 1 in Long Blades
   375 | D        | Killed a hippogriff
   375 | D        | Reached ** piety under Trog
   375 | D        | Reached skill level 5 in Fighting
   375 | D        | Reached skill level 11 in Throwing
   375 | D        | Reached XP level 7. HP: 14/56 MP: 7/7
   607 | D        | Noticed a shadow
   613 | D        | Killed a shadow
   613 | D        | Reached skill level 5 in Long Blades
   614 | D        | Noticed a troll
   617 | D        | Reached skill level 5 in Armour
   619 | D        | Reached *** piety under Trog
   635 | D        | Slain by a troll

Vault maps used:
D:        linesprint

Skill      XL: |  1  2  3  4  5  6  7 |
---------------+----------------------+-----
Throwing       | 7 9 10 11 | 11.1
Fighting       | 3 4 5 6 |  6.5
Short Blades   | 1 2 3 |  3.4
Armour         | 1 2 3 5 |  5.1
Dodging        | 2 3 4 |  4.3
Stealth        | 1 |  1.3
Long Blades    | 3 6 |  6.4

Action                   |  1- 3 |  4- 6 |  7- 9 || total
-------------------------+-------+-------+-------++-------
Melee: Short sword       |    26 |    13 |       ||    39
       Scimitar          |       |    29 |    18 ||    47
Invok: Berserk           |       |       |     1 ||     1
Evoke: Wand              |       |       |     2 ||     2
  Use: Potion            |     1 |       |     4 ||     5
Armor: Leather armour    |     3 |       |       ||     3
       Chain mail        |       |    19 |    31 ||    50
Dodge: Dodged            |    15 |    17 |    25 ||    57
       Rpst.: Scimitar   |       |     3 |     6 ||     9

Table legend:
 A = Spawn XP
 B = Non-spawn XP
 C = Spawn XP percentage of total XP
 D = Spawn monster count
 E = Non-spawn monster count
 F = Spawn count percentage of total count
 G = Total turns spent on level
                    A         B        C        D         E        F      G
               +---------+---------+-------+---------+---------+-------+---------
         Total |       0 |    1272 |   0.0 |       0 |      21 |   0.0 |   635
               +---------+---------+-------+---------+---------+-------+---------
             D |       0 |    1272 |   0.0 |       0 |      21 |   0.0 |   635
               +---------+---------+-------+---------+---------+-------+---------
